Map: [ESL] Cosmic Sapphire

Players

Nina

  • Race: Protoss Protoss
  • Spawn Location: 5:00

trigger - Winner!

  • Race: Protoss Protoss
  • Spawn Location: 11:00

Event: DreamHack SC2 Masters 2022 Atlanta (Online)

VOD

Have the link to the VOD?

Description

Time

  • Played on: Oct. 14, 2022, 3:36 p.m.
  • Length: 7:19

All games in this series

Show
View Real Time Build Order
Export as new Build Order

Nina Protoss 

Build Orders: Phoenix Opening, Blink Stalkers 

Get SALT Encoding   

  12  0:00  Probe  
  13  0:12  Probe  
  14  0:17  Pylon  
  14  0:24  Probe  
  15  0:35  Gateway  
  15  0:37  Probe (Chrono Boost)  
  16  0:46  Probe (Chrono Boost)  
  16  0:49  Assimilator  
  17  0:51  Probe (Chrono Boost)  
  17  0:55  Assimilator  
  18  1:03  Probe (Chrono Boost)  
  19  1:10  Pylon  
  19  1:13  Probe (Chrono Boost)  
  20  1:20  Gateway  
  20  1:24  Cybernetics Core  
  20  1:27  Probe  
  21  1:37  Pylon  
  21  1:39  Probe  
  22  1:52  Probe  
  23  2:00  Stalker  
  25  2:04  Probe  
  25  2:05  Warp Gate  
  26  2:11  Sentry  
  28  2:17  Probe  
  28  2:20  Pylon  
  29  2:29  Probe  
  30  2:38  Stalker  
  30  2:43  Stalker  
  34  2:45  Phoenix  
  34  2:57  Nexus  
  34  3:05  Twilight Council  
  34  3:09  Probe (Chrono Boost)  
  35  3:16  Pylon  
  36  3:21  Probe (Chrono Boost)  
  36  3:25  Probe (Chrono Boost)  
  37  3:37  Probe (Chrono Boost), Blink (Chrono Boost)  
  38  3:48  Probe (Chrono Boost)  
  39  3:52  Probe (Chrono Boost)  
  39  3:53  Stalker x2  
  44  3:59  Pylon  
  44  4:04  Probe  
  44  4:09  Probe  
  46  4:17  Probe  
  46  4:18  Stalker  
  46  4:20  Stalker  
  46  4:22  Probe  
  52  4:29  Probe  
  53  4:34  Probe  
  54  4:41  Probe  
  54  4:42  Adept  
  54  4:43  Adept  
  57  4:46  Probe  
  57  4:47  Shield Battery  
  58  4:53  Probe  
  55  5:00  Probe  
  55  5:03  Stalker  
  55  5:04  Stalker  
  55  5:06  Probe  
  59  5:19  Probe  
  58  5:24  Probe  
  57  5:30  Stalker x2  
  57  5:32  Probe  
  57  5:33  Nexus  
  58  5:40  Probe  
  55  5:44  Probe  
  54  5:51  Stalker  
  54  5:52  Probe  
  54  5:56  Probe, Stalker  
  54  5:59  Gateway  
  54  6:00  Gateway  
  53  6:04  Probe  
  53  6:07  Assimilator  
  53  6:08  Stalker  
  56  6:17  Robotics Facility, Probe  
  56  6:20  Stalker  
  56  6:21  Probe  
  59  6:29  Probe  
  59  6:31  Pylon  
  60  6:33  Probe  
  60  6:35  Stalker  
  59  6:44  Stalker  
  55  6:50  Probe  
  55  6:53  Stalker  
  55  6:56  Probe, Stalker  
  55  6:58  Gateway  
  55  6:59  Stalker  
Show
View Real Time Build Order
Export as new Build Order

trigger Protoss - Winner!

Build Orders: Phoenix Opening, Blink Stalkers 

Get SALT Encoding   

  12  0:00  Probe  
  13  0:12  Probe  
  14  0:16  Pylon  
  14  0:24  Probe (Chrono Boost)  
  16  0:36  Probe (Chrono Boost)  
  16  0:37  Gateway  
  16  0:43  Probe (Chrono Boost)  
  16  0:45  Assimilator  
  17  0:50  Probe  
  17  0:54  Assimilator  
  18  1:03  Probe (Chrono Boost)  
  19  1:08  Gateway  
  19  1:13  Probe (Chrono Boost)  
  19  1:18  Probe (Chrono Boost)  
  20  1:25  Cybernetics Core  
  21  1:29  Probe  
  22  1:32  Pylon  
  22  1:41  Probe  
  23  1:53  Probe  
  24  2:01  Warp Gate (Chrono Boost), Stalker x2  
  24  2:07  Probe  
  29  2:12  Pylon  
  29  2:18  Pylon  
  29  2:34  Sentry  
  31  2:37  Sentry  
  31  2:39  Probe  
  34  2:46  Nexus  
  34  2:56  Twilight Council  
  34  2:59  Probe  
  35  3:05  Shield Battery  
  35  3:10  Phoenix  
  35  3:11  Probe  
  36  3:20  Pylon  
  36  3:25  Probe  
  36  3:26  Blink (Chrono Boost)  
  37  3:38  Probe  
  38  3:44  Stalker  
  38  3:45  Stalker  
  43  3:56  Probe (Chrono Boost)  
  43  3:59  Probe (Chrono Boost)  
  44  4:09  Probe (Chrono Boost), Stalker  
  48  4:10  Probe (Chrono Boost)  
  48  4:11  Stalker  
  48  4:15  Probe  
  51  4:17  Probe  
  52  4:27  Probe  
  52  4:29  Probe  
  54  4:32  Stalker, Pylon  
  54  4:34  Stalker  
  58  4:39  Probe  
  58  4:42  Probe  
  60  4:50  Nexus  
  60  5:00  Robotics Facility, Stalker  
  60  5:03  Probe  
  60  5:05  Probe  
  64  5:07  Pylon  
  62  5:14  Stalker  
  62  5:16  Probe  
  63  5:25  Probe (Chrono Boost)  
  59  5:30  Stalker  
  59  5:34  Probe (Chrono Boost)  
  63  5:36  Probe (Chrono Boost)  
  63  5:41  Probe (Chrono Boost)  
  63  5:42  Probe (Chrono Boost)  
  60  5:47  Gateway x2  
  61  5:50  Stalker  
  61  5:51  Observer  
  61  5:52  Assimilator  
  61  5:55  Probe  
  65  5:57  Probe (Chrono Boost)  
  64  6:05  Stalker  
  64  6:07  Probe (Chrono Boost)  
  64  6:09  Probe (Chrono Boost)  
  69  6:13  Probe (Chrono Boost)  
  69  6:16  Probe (Chrono Boost), Stalker  
  69  6:17  Probe (Chrono Boost)  
  73  6:21  Probe x2 (Chrono Boost)  
  73  6:23  Forge  
  75  6:26  Probe  
  75  6:27  Pylon  
  75  6:30  Stalker  
  75  6:32  Probe  
  79  6:33  Probe  
  79  6:38  Probe  
  79  6:44  Probe  
  79  6:45  Probe  
  79  6:48  Stalker x3  
  79  6:50  Probe  
  84  6:59  Probe, Stalker  
  87  7:02  Nexus  
  87  7:07  Shield Battery  
Tags
 
Add a new tag
Caveats
  • Supply blocks, unpowered buildings, or Contaminate may cause inaccurate times.
  • Supply counts are checked every 10 seconds.